Construct Section Command Post
Selects Australian Defense Battlegroup
Selects Australian Light Infantry Section
Australian Light Infantry Section
Selects 2-pounder Anti-tank Gun Team
Australian Light Infantry Section
Construct Platoon Command Post
2-pounder Anti-tank Gun Team
Unlock M3 Stuart Light Tanks
Selects Vehicle Over Repair
Australian Light Infantry Section
2-pounder Anti-tank Gun Team
Selects CMP 15cwt Supply Run
Selects Reinforced Resource Caches